 Dungeon Crawl Stone Soup version 0.26.1-10-gdfb7c7de75 (webtiles) character file.

Game seed: 9383168004313333498

9154 Amplified the Thaumaturge (level 11, -6/54 HPs)
             Began as a Vine Stalker Air Elementalist on Apr 7, 2021.
             Was an Elder of the Shining One.
             Mangled by Jorgrun
             ... wielding a +0 vorpal quarterstaff
              (11 damage)
             ... on level 13 of the Dungeon on Apr 8, 2021.
             The game lasted 00:27:51 (12775 turns).

Amplified the Thaumaturge (VSAE)                   Turns: 12775, Time: 00:27:52

Health: -6/54      AC:  8    Str: 19    XL:     11   Next: 42%
Magic:  0/24       EV: 11    Int: 15    God:    the Shining One [****..]
Gold:   153        SH:  6    Dex: 22    Spells: 18/26 levels left

rFire    . . .     SeeInvis .   p - +0 flail (protect)
rCold    . . .     Faith    .   t - +0 buckler
rNeg     + + .     Spirit   +   a - +1 robe
rPois    .         Reflect  .   H - +2 hat
rElec    +         Harm     .   I - scarf {+Inv}
rCorr    .         Rampage  .   L - +2 pair of gloves
Will     +....                  (no boots)
Stlth    +.........             w - amulet of regeneration
HPRegen  0.98/turn              D - +6 ring of dexterity
MPRegen  0.19/turn              r - +6 ring of strength

@: grasped by roots, glowing, constricted
A: antennae 1, fangs 3, frail 1, regeneration 1, electricity resistance, magic
shield, antimagic bite, no potion heal 3
a: Renounce Religion, Evoke Invisibility, Divine Shield, Cleansing Flame


You were on level 13 of the Dungeon.
You worshipped the Shining One.
The Shining One was greatly pleased with you.
You visited 1 branch of the dungeon, and saw 13 of its levels.
You visited 1 bazaar.

You collected 1448 gold pieces.
You spent 1295 gold pieces at shops.

Inventory:

Hand Weapons
 l - a +0 morningstar
 m - the +10 lajatang of Eternal Harmony {antimagic, rPois Str+3}
   (You bought it in a shop in a bazaar)

   It reduces the magical energy of the wielder, and disrupts the spells and
   magical abilities of those hit.
   Natural abilities and divine invocations are not affected.
   It affects your strength (+3).
   It protects you from poison.
 p - a +0 flail of protection (weapon)
 v - a +0 whip of freezing
 B - a +0 broad axe
 J - the cursed +3 quarterstaff of Immorality {speed, rF+ Int+5 SInv Stlth-}
   (You bought it in a shop in a bazaar)

   Attacks with this weapon are significantly faster.
   It affects your intelligence (+5).
   It protects you from fire.
   It lets you see invisible.
   It makes you less stealthy.
   It has a curse placed upon it.
Missiles
 b - 49 poisoned darts (quivered)
Armour
 a - a +1 robe (worn)
 f - a +0 kite shield
 k - the cursed +1 chain mail "Opsacvih" {-Tele Rampage rPois Int+7}
   (You bought it in a shop in a bazaar)

   It affects your intelligence (+7).
   It protects you from poison.
   It prevents most forms of teleportation.
   It bestows one free step when moving towards enemies.
   It has a curse placed upon it.
 t - a +0 buckler (worn)
 A - a +0 cloak
 H - a +2 hat (worn)
 I - a scarf of invisibility (worn)
 L - a +2 pair of gloves (worn)
Jewellery
 i - an uncursed amulet of guardian spirit
 o - an uncursed ring of stealth
 r - a +6 ring of strength (right hand)
 w - an amulet of regeneration (around neck)
 D - a +6 ring of dexterity (left hand)
Wands
 q - a wand of enslavement (6)
 y - a wand of flame (21)
Scrolls
 j - 3 scrolls of identify
 n - a scroll of fog
 s - a scroll of amnesia
 u - 2 scrolls of enchant armour
 x - 4 scrolls of remove curse
Potions
 c - 2 potions of flight
 g - a potion of magic
 h - a potion of curing
 G - a potion of attraction
 K - 2 potions of ambrosia
Miscellaneous
 F - a phial of floods (inert)


   Skills:
 * Level 8.2 Fighting
 * Level 6.1 Maces & Flails
 - Level 1.9 Armour
 - Level 2.6 Dodging
 - Level 2.4 Stealth
 - Level 4.5 Shields
 * Level 8.4 Spellcasting
 - Level 1.0 Conjurations
 - Level 5.1 Air Magic
 - Level 5.8 Invocations
 * Level 3.8 Evocations


You had 18 spell levels left.
You knew the following spells:

 Your Spells              Type           Power        Failure   Level
a - Shock                 Conj/Air       60%          3%          1
b - Static Discharge      Conj/Air       15%          10%         3
c - Airstrike             Air            10%          14%         4

Your spell library contained the following spells:

 Spells                   Type           Power        Failure   Level
 Swiftness                Air            21%          1%          2
 Sandblast                Erth           12%          12%         1
 Passwall                 Tmut/Erth      5%           17%         2
 Stone Arrow              Conj/Erth      14%          28%         3
 Lightning Bolt           Conj/Air       7%           65%         5
 Petrify                  Tmut/Erth      6%           75%         4
 Lee's Rapid Deconstruct  Erth           3%           97%         5


Dungeon Overview and Level Annotations

Branches:
Dungeon (13/15)            Temple (0/1) D:5            Lair (0/6) D:8
    Orc: D:9-12      Vaults: D:13-14

Altars:
Ashenzari
Cheibriados
Dithmenos
Elyvilon
Fedhas
Nemelex Xobeh
Okawaru
Qazlal
Ru
Trog
Uskayaw
Wu Jian
Xom
Yredelemnul
The Shining One
Jiyva

Annotations:
D:4 3 runed translucent doors, Welwordion's ghost, amateur SpAM
D:6 exclusion: oklob plant
D:8 2 transporters, 3 runed translucent doors, Elsvaer's ghost, novice DEFE
D:9 exclusion: oklob plant
D:10 Snorg
D:13 Jorgrun


Innate Abilities, Weirdness & Mutations

You have razor-sharp teeth.
Your natural rate of healing is unusually fast.
When hurt, damage is shared between your health and your magic reserves.
Your bite disrupts and absorbs the magic of your enemies.
Potions cannot restore your health.
You have a pair of small antennae on your head.
You are frail. (-10% HP)
You are resistant to electric shocks. (rElec)


Message History

Okay, then.
As you read the scroll of fog, it crumbles to dust.
The scroll dissolves into smoke.
The orc shouts!
The orc closely misses you.
Unknown command.
An orc wizard comes into view. It is wielding a -2 dagger.
The orc wizard shouts!
The orc closely misses you.
The orc wizard gestures wildly while chanting.
The orc wizard blinks!
You hear a grinding noise.
The four-headed hydra seems to regain its courage.
The orc wizard gestures wildly while chanting.
The orc wizard seems to speed up.
The orc wizard hits you but does no damage.
Jorgrun casts a spell at you.
Roots burst forth from the earth!
The grasping roots grab you!
You die...

........##.####
.........o.....
....................#
......................o.
#....#.. #....?.........
##...g...##...D.o........
.[...#........oo§§.o....
..?##..#...[..@§§#.....
##......#..$..§o§§§.#
##...#...#.....#§§#
#.#..#.........§§§#
.##.....#......#.§...#
##..Z...##.##g.##...##
..........#..##.....#
#...##Z.#.#.# #.#####
#.......#...###..#


You could see Jorgrun, a four-headed hydra, 2 orc wizards and 4 orcs.

Vanquished Creatures
  2 two-headed ogres
  Pikel (D:5)
  An ugly thing (D:11)
  A meliai (D:13)
  2 trolls (D:11)
  Prince Ribbit (D:6)
  4 yaks (D:11)
  4 orc warriors
  2 sky beasts
  3 black bears
  6 ogres
  2 ice beasts
  3 phantoms
  A necrophage (D:12)
  3 centaurs
  2 big kobolds (D:8)
  A lemure (D:5)
  Blork the orc (D:6)
  6 bullfrogs
  A gnoll sergeant (D:9)
  9 scorpions
  8 wights
  4 howler monkeys
  5 bullfrog zombies
  A centaur zombie (D:9)
  A crimson imp (D:4)
  2 quasits
  4 orc priests
  4 hounds
  3 jellies
  6 orc wizards
  2 bullfrog skeletons (D:7)
  Natasha (twice) (D:2)
  3 iguanas
  Ijyb (D:3)
  5 worker ants
  2 hound skeletons
  4 worker ant zombies
  A howler monkey zombie (D:7)
  Robin (D:2)
  8 gnolls
  23 adders
  4 shadow imps
  2 ufetubi
  An ooze (D:1)
  An adder skeleton (D:7)
  2 adder zombies (D:7)
  3 worms
  7 dart slugs
  2 leopard geckos
  38 orcs
  A ball python (D:2)
  4 giant cockroaches
  10 hobgoblins
  15 jackals
  8 quokkas
  4 bats
  7 frilled lizards
  14 goblins
  A goblin zombie (D:4)
  18 kobolds
  A kobold skeleton (D:4)
  3 leopard gecko skeletons
  A leopard gecko zombie (D:7)
  3 orc skeletons (D:4)
  An orc zombie (D:4)
  10 rats
307 creatures vanquished.

Vanquished Creatures (collateral kills)
  2 yaks (D:13)
2 creatures vanquished.

Vanquished Creatures (others)
  A gargoyle (D:13)
  A yak (D:13)
2 creatures vanquished.

Grand Total: 311 creatures vanquished

Notes
Turn   | Place    | Note
-------+----------+-------------------------------------------
     0 | D:1      | Amplified the Vine Stalker Air Elementalist began the quest
                  | for the Orb.
     0 | D:1      | Reached XP level 1. HP: 9/9 MP: 4/4
   307 | D:1      | Reached XP level 2. HP: 6/14 MP: 4/6
   587 | D:1      | Reached skill level 1 in Fighting
  1126 | D:1      | Reached XP level 3. HP: 18/18 MP: 7/7
  1514 | D:1      | Noticed a big kobold
  1514 | D:1      | Noticed a big kobold
  1515 | D:1      | Noticed a big kobold
  1536 | D:1      | Noticed a big kobold
  1631 | D:2      | Reached skill level 1 in Armour
  1718 | D:2      | Learned a level 3 spell: Static Discharge
  1907 | D:2      | Gained mutation: Your natural rate of healing is unusually
                  | fast. [Vine Stalker growth]
  1907 | D:2      | Reached XP level 4. HP: 22/23 MP: 6/8
  1974 | D:2      | Noticed Robin
  2045 | D:2      | Noticed Natasha
  2143 | D:2      | Killed Natasha
  2144 | D:2      | Reached XP level 5. HP: 27/27 MP: 9/9
  2159 | D:2      | Found a snail-covered altar of Cheibriados.
  2428 | D:2      | Noticed Natasha
  2628 | D:2      | Killed Natasha
  2674 | D:2      | Learned a level 4 spell: Airstrike
  2794 | D:2      | Killed Robin
  2964 | D:2      | Found a shadowy altar of Dithmenos.
  3031 | D:2      | You fall into a shaft and drop 2 floors!
  3053 | D:4      | Found a runed translucent gate.
  3053 | D:4      | Found a runed translucent gate.
  3053 | D:4      | Found a runed translucent gate.
  3243 | D:3      | Found a white marble altar of Elyvilon.
  3307 | D:3      | Reached XP level 6. HP: 17/32 MP: 5/10
  3400 | D:3      | Noticed Ijyb
  3439 | D:3      | Killed Ijyb
  4670 | D:4      | Noticed a phantom
  4782 | D:4      | Reached XP level 7. HP: 32/37 MP: 11/13
  4821 | D:4      | Found a glowing golden altar of the Shining One.
  4867 | D:4      | Became a worshipper of the Shining One
  4887 | D:4      | Identified the +3 hunting sling of Paper {freeze, Str+2
                  | Stlth+}
  5087 | D:4      | Reached skill level 1 in Invocations
  5108 | D:5      | Entered Level 5 of the Dungeon
  5351 | D:4      | Noticed Welwordion's ghost (amateur SpAM)
  5397 | D:4      | Gained mutation: You have razor-sharp teeth. [Vine Stalker
                  | growth]
  5397 | D:4      | Reached XP level 8. HP: 39/42 MP: 13/15
  5502 | D:5      | Found a bloodstained altar of Trog.
  5873 | D:5      | Found a staircase to the Ecumenical Temple.
  5961 | D:5      | Reached skill level 5 in Air Magic
  5985 | D:5      | Reached skill level 5 in Fighting
  6541 | D:6      | Noticed Pikel
  6541 | D:6      | Reached * piety under the Shining One
  6868 | D:6      | Noticed Blork the orc
  6870 | D:6      | Noticed Prince Ribbit
  6880 | D:6      | Reached skill level 1 in Maces & Flails
  6916 | D:6      | Found a blossoming altar of Fedhas.
  6947 | D:6      | Noticed an oklob plant
  7026 | D:6      | Killed Blork the orc
  7027 | D:6      | Reached skill level 1 in Shields
  7027 | D:6      | Reached skill level 5 in Spellcasting
  7454 | D:5      | Killed Pikel
  7455 | D:5      | Reached XP level 9. HP: 40/48 MP: 14/18
  7570 | D:6      | Gained mutation: You have a pair of small antennae on your
                  | head. [potion of mutation]
  7570 | D:6      | Gained mutation: You are frail. (-10% HP) [potion of
                  | mutation]
  7570 | D:6      | Gained mutation: You are resistant to electric shocks.
                  | (rElec) [potion of mutation]
  7595 | D:6      | HP: 2/43 [phantom (6)]
  7759 | D:6      | Killed Prince Ribbit
  8297 | D:7      | Found a sacrificial altar of Ru.
  8484 | D:7      | Reached ** piety under the Shining One
  8660 | D:7      | Found a stormy altar of Qazlal.
  8780 | D:7      | Found a broken altar of Ashenzari.
  8780 | D:7      | Found an ornate altar of the Wu Jian Council.
  9300 | D:8      | Found a staircase to the Lair.
  9422 | D:8      | Found a hide-covered altar of Uskayaw.
  9435 | D:8      | Reached *** piety under the Shining One
  9462 | D:8      | Reached skill level 5 in Invocations
  9505 | D:8      | Found a basalt altar of Yredelemnul.
  9505 | D:8      | Noticed a cyclops
  9506 | D:8      | Found a transporter.
  9507 | D:8      | Found a snail-covered altar of Cheibriados.
  9507 | D:8      | Noticed an ice dragon
  9525 | D:8      | Reached XP level 10. HP: 47/47 MP: 20/20
  9595 | D:8      | Found a runed translucent gate.
  9604 | D:8      | Found a runed translucent gate.
  9604 | D:8      | Found a runed translucent gate.
  9605 | D:8      | Noticed Elsvaer's ghost (novice DEFE)
  9607 | D:8      | Found a viscous altar of Jiyva.
  9617 | D:8      | Found a transporter.
 10395 | D:9      | Found a sparkling altar of Nemelex Xobeh.
 10764 | D:9      | Found a shimmering altar of Xom.
 10766 | D:9      | Found a blossoming altar of Fedhas.
 10766 | D:9      | Found a shimmering altar of Xom.
 10775 | D:9      | Reached **** piety under the Shining One
 10777 | D:9      | Found an iron altar of Okawaru.
 10777 | D:9      | Found a blossoming altar of Fedhas.
 10777 | D:9      | Found a sparkling altar of Nemelex Xobeh.
 10816 | D:9      | Found a blossoming altar of Fedhas.
 10819 | D:9      | Noticed an oklob plant
 11080 | D:10     | Entered Level 10 of the Dungeon
 11154 | D:10     | Reached skill level 1 in Evocations
 11183 | D:10     | Noticed Snorg
 11184 | D:10     | Noticed a tengu warrior
 11409 | D:10     | Reached skill level 5 in Maces & Flails
 11432 | D:10     | Noticed a two-headed ogre
 11457 | D:10     | Killed a two-headed ogre
 11526 | D:11     | Identified a scroll of acquirement
 11526 | D:11     | Acquired 667 gold pieces
 11645 | D:11     | Reached XP level 11. HP: 52/52 MP: 18/23
 11844 | D:11     | Noticed a two-headed ogre
 11865 | D:11     | Killed a two-headed ogre
 12054 | D:11     | Noticed a red ugly thing
 12063 | D:11     | Killed a red ugly thing
 12496 | D:12     | Noticed an unseen horror
 12498 | D:12     | You fall into a shaft and drop 1 floor!
 12499 | D:13     | Noticed a two-headed ogre
 12504 | D:13     | Found a flickering gateway to a bazaar.
 12505 | D:13     | Noticed a two-headed ogre
 12510 | Bazaar   | Entered a bazaar
 12510 | Bazaar   | Found Beurip's General Store.
 12560 | Bazaar   | Found Zefych's Gadget Emporium.
 12568 | Bazaar   | Found Qivusiy's Antique Weapon Emporium.
 12579 | Bazaar   | Found Iluepeff's Distillery.
 12602 | Bazaar   | Found Cilyr's Antique Armour Shoppe.
 12610 | Bazaar   | Bought an ichor-stained chain mail for 190 gold pieces
 12637 | Bazaar   | Bought a pitted lajatang for 480 gold pieces
 12637 | Bazaar   | Bought a slimy quarterstaff for 216 gold pieces
 12637 | Bazaar   | Identified the +10 lajatang of Eternal Harmony {antimagic,
                  | rPois Str+3} (You bought it in a shop in a bazaar)
 12638 | Bazaar   | Identified the cursed +3 quarterstaff of Immorality {speed,
                  | rF+ Int+5 SInv Stlth-} (You bought it in a shop in a
                  | bazaar)
 12639 | Bazaar   | Identified the cursed +1 chain mail "Opsacvih" {-Tele
                  | Rampage rPois Int+7} (You bought it in a shop in a bazaar)
 12672 | Bazaar   | Bought a potion of cancellation for 88 gold pieces
 12672 | Bazaar   | Bought 2 potions of ambrosia for 176 gold pieces
 12672 | Bazaar   | Bought a potion of heal wounds for 55 gold pieces
 12687 | Bazaar   | Bought a pair of gloves for 90 gold pieces
 12726 | D:13     | Noticed Jorgrun
 12768 | D:13     | Noticed a four-headed hydra
 12768 | D:13     | Noticed a five-headed hydra
 12771 | D:13     | HP: 1/54 [Jorgrun/blast of rock fragments (26)]
 12775 | D:13     | Mangled by Jorgrun

Illustrated notes

Levels and vault maps discovered:
D:1:      erik_arrival_cave_to_civilisation [erik_arrival_cave_to_temple],
          layout_basic, minmay_domino_4
D:2:      wad_river_or_something, layout_basic, nicolae_overflow_crystal_walls,
          cheibriados_altar_1, uniq_natasha, uniq_robin
D:3:      layout_loops_ring, overflow_temple_1_default, uniq_ijyb
D:4:      layout_rooms, nicolae_tso_besieged_by_evil, ebering_ghost_rock_garden,
          abandoned_shop
D:5:      layout_gridville, minmay_temple_entry_trees, basic_altar
D:6:      layout_cave_pools, tgw_fedhas, uniq_pikel, uniq_blork_the_orc,
          uniq_prince_ribbit1
D:7:      layout_gridville, gammafunk_temple_overflow_pools,
          nicolae_overflow_hidden_temple, nicolae_ru_awakened_eye
D:8:      layout_rooms, marbit_many_paths, gammafunk_temple_overflow_arena,
          gammafunk_ghost_ooze
D:9:      layout_basic, doesnt_xom_only_xom, nemelex_xobeh_ov_fountains_minmay,
          hangedman_tree_tricks
D:10:     layout_roguey, david_orc_4, serial_undead, serial_undead_a,
          serial_undead_c, serial_undead_f, serial_undead_a, serial_undead_c,
          serial_undead_c, serial_undead_c, serial_undead_d,
          minmay_fire_ice_demons, uniq_snorg, uniq_maggie
D:11:     layout_stronghold
D:12:     layout_grid_maze, serial_shops, shop, enter_bailey_5, uniq_sonja
D:13:     layout_cave_pools, david_vaults_5, serial_shops, bzr_entry_gold,
          uniq_jorgrun

Skill      XL: |  1  2  3  4  5  6  7  8  9 10 11 |
---------------+----------------------------------+-----
Fighting       | 1 2 3 4 5 6 7 8 |  8.2
Dodging        | 2 |  2.6
Armour         | 1 |  1.9
Spellcasting   | 3 4 5 6 7 8 |  8.4
Air Magic      | 4 5 |  5.1
Invocations    | 1 3 5 |  5.8
Maces & Flails | 2 3 5 6 |  6.1
Shields        | 2 3 4 |  4.5
Evocations     | 2 3 |  3.8
Stealth        | |  2.4
Conjurations   | |  1.0

Action                   |  1- 3 |  4- 6 |  7- 9 | 10-12 || total
-------------------------+-------+-------+-------+-------++-------
Melee: Unarmed           |    19 |       |       |       ||    19
       Bite              |    28 |    53 |   107 |   155 ||   343
       Short sword       |    79 |   242 |       |       ||   321
       Morningstar       |       |     7 |   181 |       ||   188
       Whip              |       |       |   101 |       ||   101
       Flail             |       |       |    87 |   337 ||   424
Throw: Dart              |       |    31 |    31 |    23 ||    85
       Throwing net      |       |       |       |     1 ||     1
 Cast: Shock             |     6 |    45 |     1 |       ||    52
Invok: Divine Shield     |       |       |       |     4 ||     4
       Cleansing Flame   |       |       |       |     1 ||     1
Evoke: Wand              |       |     3 |     7 |     8 ||    18
       Phial of floods   |       |       |       |     1 ||     1
  Use: Scroll            |     3 |    10 |     6 |    16 ||    35
       Potion            |       |     4 |     3 |     5 ||    12
 Stab: Sleeping          |     7 |     6 |       |       ||    13
       Distracted        |       |     1 |       |       ||     1
Armor: Robe              |    19 |    68 |    88 |    91 ||   266
       Skin              |       |     5 |       |     1 ||     6
Dodge: Dodged            |    56 |   247 |   238 |   243 ||   784
Block: Buckler           |       |       |    66 |   150 ||   216
